AoeStats
← Haboryme

Yucatan

511367265Analyzed
3v3 RM · 14d ago on Oct 4, 2026· 52m 11s· 6 players
Game mode
Random Map
Map size
Normal (6 player)
Population
200
Speed
Normal
Resources
Standard
Victory
Conquest
Starting age
Dark Age
Ending age
Imperial Age
RankedLock teamsTeams togetherTeam positionsShared explorationLock speedFull tech treeHidden civsTurbo modeCheats
Victory
Defeat
🇫🇷 Franks · France
927
+16
🇨🇭 Britons · Switzerland
898
+18
🇫🇷 Teutons · France
879
+18
vs
🇧🇷 Khmer · Brazil
955
-53
🇵🇱 Franks · Poland
942
-18
🇵🇱 Mongols · Poland
899
-16
Angelique
0:57 Loom
11:43 Feudal Age
12:31 Horse Collar
12:41 Double-Bit Axe
18:35 Castle Age
20:14 Heavy Plow
29:27 Padded Archer Armor
29:18 Fletching
31:12 Wheelbarrow
33:58 Imperial Age
31:48 Bloodlines
32:11 Light Cavalry
32:52 Husbandry
33:33 Ballistics
34:27 Elite Mangudai
35:28 Conscription
35:33 Bodkin Arrow
36:19 Bracer
36:35 Leather Archer Armor
36:47 Hand Cart
36:19 Heavy Camel Rider
37:25 Bow Saw
38:39 Forging
38:34 Scale Barding Armor
39:31 Chemistry
39:24 Gold Mining
40:15 Iron Casting
42:54 Blast Furnace
42:14 Chain Barding Armor
DUTRA
15:37 Feudal Age
18:37 Double-Bit Axe
18:35 Horse Collar
22:13 Wheelbarrow
21:30 Town Watch
21:39 Gold Mining
21:39 Stone Mining
24:46 Castle Age
26:38 Hand Cart
28:05 Bow Saw
30:05 Heavy Plow
30:50 Gold Shaft Mining
30:49 Pikeman
32:14 Stone Shaft Mining
35:52 Imperial Age
36:29 Tusk Swords
36:56 Scale Barding Armor
36:51 Scale Mail Armor
36:51 Padded Archer Armor
36:42 Fletching
40:30 Halberdier
45:12 Elite Ballista Elephant
49:01 Heavy Scorpion
Ilyrian
2:10 Loom
12:16 Feudal Age
13:25 Double-Bit Axe
17:07 Castle Age
17:32 Gold Mining
17:32 Stone Mining
18:20 Wheelbarrow
28:51 Hand Cart
31:28 Hand Cart
35:07 Imperial Age
33:28 Husbandry
34:13 Scale Barding Armor
34:23 Squires
35:50 Bow Saw
35:13 Cavalier
36:57 Chain Barding Armor
36:47 Forging
38:04 Chemistry
38:30 Pikeman
40:41 Plate Barding Armor
40:41 Iron Casting
41:05 Elite Skirmisher
plaiemobile
11:13 Feudal Age
14:57 Castle Age
13:31 Double-Bit Axe
14:57 Wheelbarrow
17:04 Bow Saw
18:12 Hand Cart
19:05 Loom
24:38 Forging
26:52 Iron Casting
28:06 Fortified Wall
28:37 Husbandry
32:00 Imperial Age
30:52 Gold Mining
30:54 Stone Mining
31:44 Town Watch
32:13 Scale Barding Armor
32:31 Town Patrol
32:09 Cavalier
32:53 Chivalry
34:25 Paladin
36:25 Chain Barding Armor
40:44 Blast Furnace
40:20 Plate Barding Armor
45:09 Chemistry
43:33 Capped Ram
47:52 Scale Mail Armor
Haboryme
13:24 Feudal Age
17:55 Castle Age
18:20 Loom
20:29 Double-Bit Axe
21:21 Bow Saw
24:00 Pikeman
24:41 Squires
24:58 Horse Collar
26:15 Gambesons
25:52 Man-at-Arms
31:00 Forging
32:43 Stone Mining
32:44 Gold Mining
33:02 Heavy Plow
35:11 Wheelbarrow
34:08 Long Swordsman
39:57 Imperial Age
38:34 Scale Mail Armor
39:09 Iron Casting
40:08 Ironclad
40:32 Chain Mail Armor
40:38 Hand Cart
40:26 Two-Handed Swordsman
40:27 Halberdier
40:38 Halberdier
41:04 Arson
43:21 Conscription
43:33 Champion
44:52 Plate Mail Armor
45:23 Blast Furnace
Legrumsx
11:11 Feudal Age
9:33 Loom
16:21 Castle Age
16:41 Double-Bit Axe
19:08 Wheelbarrow
20:04 Crossbowman
21:23 Horse Collar
21:23 Pikeman
25:21 Town Watch
26:21 Squires
26:45 Bow Saw
26:33 Fletching
28:47 Heavy Plow
30:20 Ballistics
30:57 Hand Cart
33:48 Stone Mining
33:51 Gold Mining
40:04 Imperial Age
39:01 Gold Shaft Mining
39:08 Forging
38:59 Scale Mail Armor
38:56 Bodkin Arrow
40:17 Town Patrol
40:22 Padded Archer Armor
41:04 Yeomen
41:10 Conscription
41:26 Bracer
40:48 Arbalester
43:20 Halberdier
44:28 Man-at-Arms
44:53 Gambesons
45:06 Long Swordsman
47:17 Two-Man Saw
47:26 Chemistry
46:57 Chain Mail Armor
47:17 Iron Casting
47:13 Two-Handed Swordsman
Connection lost

Rejoining the realm…

Still unreachable

The connection could not be restored.

Session expired

The server has moved on; the page needs a fresh start.